 Dungeon Crawl Stone Soup version 0.28.0-43-g3370ac3207 (webtiles) character file.

Game seed: 14011572012912920610

1560 Gatito the Carver (level 8, -8/71 HPs)
             Began as a Minotaur Berserker on Mar 26, 2022.
             Was a Priest of Trog.
             Killed from afar by Maggie (22 damage)
             ... with a bolt of fire
             ... on level 6 of the Dungeon on Mar 27, 2022.
             The game lasted 01:21:01 (8193 turns).

Gatito the Carver (Minotaur Berserker)              Turns: 8193, Time: 01:21:02

Health: -8/71      AC: 13    Str: 25    XL:     8   Next: 58%
Magic:  7/7        EV:  8    Int:  4    God:    Trog [***...]
Gold:   337        SH:  0    Dex:  9    Spells: 7/7 levels left

rFire   . . .      SeeInvis .   a - +1 falchion
rCold   . . .      Faith    .   (no shield)
rNeg    . . .      Spirit   .   s - +0 plate armour
rPois   +          Reflect  .   (helmet restricted)
rElec   .          Harm     .   (no cloak)
rCorr   +          Rampage  .   (no gloves)
Will    ++...                   (no boots)
Stlth   ..........              (no amulet)
HPRegen 1.21/turn               d - ring of resist corrosion
MPRegen 0.10/turn               q - ring of poison resistance

@: strong-willed, mesmerised, regenerating
A: horns 2, retaliatory headbutt
a: Renounce Religion, Berserk, Trog's Hand


You were on level 6 of the Dungeon.
You worshipped Trog.
Trog was most pleased with you.
You visited 1 branch of the dungeon, and saw 6 of its levels.

You collected 337 gold pieces.

Inventory:

Hand Weapons
 a - a +1 falchion (weapon)
 h - a +1 dagger of flaming
 l - a +0 long sword
Armour
 b - the +1 helmet of Resilience {rN+ MP-9 Int+6 Slay+2}
   (You found it on level 4 of the Dungeon)

   Int:       It affects your intelligence (+6).
   Slay:      It affects your accuracy & damage with ranged weapons and melee
   (+2).
   rN:        It protects you from negative energy.
   MP:        It affects your magic capacity (-9).
 j - a +2 scale mail
 s - a +0 plate armour (worn)
Jewellery
 d - a ring of resist corrosion (left hand)
 q - a ring of poison resistance (right hand)
Wands
 f - a wand of flame (5)
Scrolls
 e - a scroll of vulnerability
 g - 4 scrolls of noise
 k - a scroll of identify
 m - a scroll of amnesia
 n - a scroll of fear
 p - a scroll of teleportation
 r - a scroll of fog
Potions
 c - 2 potions of brilliance
 i - 3 potions of attraction
 o - 3 potions of flight


   Skills:
 + Level 6.5 Fighting
 + Level 9.0 Long Blades
 + Level 7.2 Armour
 + Level 4.5 Dodging
 + Level 1.1 Evocations


You had 7 spell levels left.
You didn't know any spells.
Your spell library contained the following spells:

 Spells                   Type           Power      Damage    Failure   Level
 Ignite Poison            Fire/Tmut/Pois 0%         N/A       100%        3
 Mephitic Cloud           Conj/Pois/Air  0%         N/A       100%        3
 Animate Armour           Summ/Erth      0%         N/A       100%        4
 Summon Lightning Spire   Summ/Air       0%         N/A       100%        4
 Blade Hands              Tmut           0%         N/A       100%        5
 Freezing Cloud           Conj/Ice/Air   0%         6-21      100%        5
 Iron Shot                Conj/Erth      0%         9d1       100%        6
 Storm Form               Tmut/Air       0%         N/A       100%        7
 Maxwell's Capacitive Co  Air            0%         ∞         100%        8


Dungeon Overview and Level Annotations

Branches:
Dungeon (6/15)
 Temple: D:4-7

Altars:
Elyvilon

Annotations:
D:6 Maggie


Innate Abilities, Weirdness & Mutations

You have a pair of horns on your head.
You reflexively headbutt those who attack you in melee.


Message History

You barely miss Maggie. Maggie hits you with a +0 halberd.
You hit Maggie but do no damage. You headbutt Maggie!
Maggie is lightly wounded.
You hit Maggie but do no damage. Your headbutt misses Maggie.
Maggie is lightly wounded.
Maggie hits you but does no damage.
You slash Maggie! You headbutt Maggie!
Maggie is heavily wounded.
Maggie points at you and mumbles some strange words.
The bolt of fire misses you.
You hit Maggie. You headbutt Maggie!
Maggie is severely wounded.
Maggie drinks a potion.
Maggie is healed!
You barely miss Maggie.
Maggie is heavily wounded.
Maggie hits you with a +0 halberd.
You slash Maggie! You headbutt Maggie, but do no damage.
Maggie is severely wounded.
Maggie hits you but does no damage.
You slash Maggie!
Maggie is almost dead.
You hit Maggie but do no damage.
Maggie is almost dead.
Maggie hits you with a +0 halberd!
You hit Maggie but do no damage. You headbutt Maggie.
Maggie is almost dead.
Maggie points at you and mumbles some strange words.
The bolt of fire hits you!!
You hit Maggie but do no damage. Your headbutt misses Maggie.
Maggie is almost dead.
Maggie hits you with a +0 halberd!
* * * LOW HITPOINT WARNING * * *
Your skin crawls.
You feel strong-willed. Maggie hits you but does no damage.
You hit Maggie. Your headbutt misses Maggie.
Maggie is almost dead.
Maggie casts a spell at you. The bolt of fire hits you!!
You die...

#.### #.## ....# #...##
###.#.# #.....# ..
....#.# ##....... .#
.##.#.#.###........ .#
#.##.#.#.##.........
.####.##.#.#.##.........
................#@......
.###.###.#.#....@.......
.# #.# #.#.########...##
.###.###.#.. ..##
.........#### ##
####.##### ####.#####
.........# .....###.#
###### #.#


You could see Maggie (mesmerising).

Vanquished Creatures
  Menkaure (D:6)
  A water moccasin (D:5)
  2 necrophages
  A black bear (D:5)
  3 ogres
  A centaur (D:5)
  A phantom (D:4)
  A scorpion (D:4)
  A bullfrog zombie (D:5)
  2 orc priests (D:5)
  A hound (D:5)
  A jelly (D:5)
  A bullfrog skeleton (D:5)
  A centaur skeleton (D:4)
  2 orc wizards
  Natasha (thrice) (D:4)
  A scorpion zombie (D:5)
  A hound zombie (D:5)
  3 gnolls (D:4)
  9 adders
  A howler monkey skeleton (D:6)
  2 adder skeletons (D:4)
  A worm (D:2)
  3 dart slugs
  13 orcs (D:5)
  7 ball pythons
  9 bats
  9 endoplasms
  2 giant cockroaches
  8 goblins
  8 hobgoblins
  6 jackals (D:1)
  7 kobolds
  3 quokkas
  4 frilled lizards
  5 rats (D:1)
125 creatures vanquished.

Vanquished Creatures (others)
  34 plants (D:1)
34 creatures vanquished.

Grand Total: 159 creatures vanquished

Notes
Turn   | Place    | Note
-------+----------+-------------------------------------------
     0 | D:1      | Gatito the Minotaur Berserker began the quest for the Orb.
     0 | D:1      | Reached XP level 1. HP: 19/19 MP: 0/0
   170 | D:1      | Reached XP level 2. HP: 27/27 MP: 1/1
   172 | D:1      | Reached skill level 4 in Long Blades
   602 | D:1      | Reached XP level 3. HP: 33/33 MP: 2/2
   605 | D:1      | Reached ** piety under Trog
  1651 | D:2      | Reached skill level 5 in Long Blades
  1667 | D:2      | Reached XP level 4. HP: 35/41 MP: 3/3
  2714 | D:3      | Reached *** piety under Trog
  3200 | D:3      | Found a faded altar of an unknown god.
  3327 | D:3      | Reached XP level 5. HP: 47/47 MP: 4/4
  3614 | D:4      | Noticed a phantom
  3657 | D:4      | Killed a phantom
  3829 | D:4      | Noticed Natasha
  3851 | D:4      | Killed Natasha
  3852 | D:4      | Reached skill level 6 in Long Blades
  3908 | D:4      | Reached XP level 6. HP: 55/55 MP: 5/5
  3949 | D:4      | Noticed Natasha
  3955 | D:4      | Killed Natasha
  3956 | D:4      | Reached skill level 5 in Fighting
  4004 | D:4      | Identified the +1 helmet of Resilience {rN+ MP-9 Int+6
                  | Slay+2}
  4035 | D:4      | Noticed Natasha
  4464 | D:4      | Killed Natasha
  4723 | D:4      | Found a white marble altar of Elyvilon.
  5449 | D:5      | Entered Level 5 of the Dungeon
  5452 | D:5      | Noticed a water moccasin
  5464 | D:5      | Killed a water moccasin
  5465 | D:5      | Reached skill level 7 in Long Blades
  5465 | D:5      | Reached skill level 5 in Armour
  5465 | D:5      | Reached XP level 7. HP: 45/61 MP: 6/6
  6522 | D:5      | Reached skill level 8 in Long Blades
  6522 | D:5      | Reached skill level 1 in Evocations
  6522 | D:5      | Reached XP level 8. HP: 32/70 MP: 7/7
  7706 | D:6      | Noticed Maggie
  7864 | D:6      | Noticed Menkaure
  7872 | D:6      | Killed Menkaure
  8095 | D:6      | Reached skill level 9 in Long Blades
  8193 | D:6      | Killed from afar by Maggie

Illustrated notes

Levels and vault maps discovered:
D:1:      dpeg_arrival_subterranean_lakeside_camping, layout_rooms,
          minivault_14, serial_bayou_lagoon_a, corexii_item_surrounded_by_moat,
          kennysheep_nondescript
D:2:      layout_loops_ring, serial_co_window_serial,
          co_window_of_opportunity_a, co_window_corner_a, co_window_paths_b,
          co_window_paths_a, co_window_cross_1, co_window_corner_a,
          co_window_of_opportunity_a, co_window_cross_1, co_window_paths_a,
          co_window_corner_ca, co_window_of_opportunity_b, co_window_corner_b,
          co_window_corner_b, co_window_cross_2, co_window_paths_c,
          co_window_paths_d, glass_columns_a, glass_columns_a
D:3:      layout_rooms, shapermc_ecumenical_altar_petra, minivault_14,
          kennysheep_generic_room_11
D:4:      layout_gridville, elyvilon_altar_3, hangedman_decor_growths,
          uniq_natasha
D:5:      minmay_diamond_boxcup, layout_cave_pools, chequers_decorated_corner,
          due_unseen_surprise
D:6:      layout_loops_ring, serial_shops, shop, kennysheep_mini_moat,
          nicolae_diamond_shop, nicolae_shop_crystal, uniq_maggie, uniq_menkaure

Skill      XL: |  1  2  3  4  5  6  7  8 |
---------------+-------------------------+-----
Fighting       | 4 5 6 |  6.5
Long Blades    | 4 5 6 7 8 9 |  9.0
Armour         | 3 4 5 6 7 |  7.2
Dodging        | 3 4 |  4.5
Evocations     | 1 |  1.1

Action                   |  1- 3 |  4- 6 |  7- 9 || total
-------------------------+-------+-------+-------++-------
Melee: Falchion          |    64 |   142 |   128 ||   334
       Headbutt          |    11 |    18 |    27 ||    56
       Punch             |     1 |     1 |     1 ||     3
Invok: Berserk           |     2 |       |     6 ||     8
       Trog's Hand       |       |       |     1 ||     1
Evoke: Wand              |       |     5 |     5 ||    10
  Use: Scroll            |     2 |    10 |     6 ||    18
       Potion            |       |     2 |     1 ||     3
Armor: Animal skin       |     8 |       |       ||     8
       Ring mail         |    10 |     2 |       ||    12
       Scale mail        |       |    26 |    39 ||    65
       Skin              |       |    31 |       ||    31
       Plate armour      |       |       |     5 ||     5
Dodge: Dodged            |    49 |    67 |    51 ||   167
